 Dungeon Sprint DCSS version 0.19-a0-996-g3cba913 (webtiles) character file.

16221 Musica the Ninja (level 12, -4/47 HPs)
             Began as a Spriggan Assassin on July 18, 2016.
             Was the Champion of Dithmenos.
             Slain by a demonic crawler (9 damage)
             ... in the Dungeon (Sprint I: "Red Sonja").
             The game lasted 00:43:54 (2939 turns).

Musica the Ninja (Spriggan Assassin)                Turns: 2939, Time: 00:43:55

Health: -4/47      AC:  3    Str:  7    XL:     12   Next: 8%
Magic:  20/20      EV: 22    Int: 14    God:    Dithmenos [******]
Gold:   357        SH:  0    Dex: 19    Spells: 0 memorised, 11 levels left

rFire  . . .     SeeInvis +     o - +0 dagger (venom)
rCold  . . .     Gourm    .     p - +0 troll leather armour
rNeg   . . .     Faith    .     (shield restricted)
rPois  .         Spirit   .     (helmet restricted)
rElec  .         Dismiss  .     d - +0 cloak
rCorr  .         Reflect  .     (gloves unavailable)
SustAt .         Harm     .     (boots unavailable)
MR     ++...     NoTele   +     (no amulet)
Stlth  ++++++++++               (no ring)
                                (no ring)

@: wreathed by umbra, very quick, very resistant to hostile enchantments,
uncannily stealthy
A: unfitting armour, see invisible, clumsy 1, deformed body, herbivore 3, speed
3, frail 1, screaming 1, slow metabolism 2, wild magic 1
a: Shadow Step, Shadow Form, Renounce Religion


You were in the Dungeon.
You worshipped Dithmenos.
Dithmenos was exalted by your worship.
You were full.

You visited 1 branch You collected 1252 gold pieces.
You spent 895 gold pieces at shops.

Inventory:

Hand Weapons
 a - a +2 dagger
 b - a +0 blowgun
 o - a +0 dagger of venom (weapon)
 s - a +1 long sword of pain
 u - a +2 shortbow of velocity
Missiles
 e - 21 poisoned needles
 f - 7 curare-tipped needles
 n - 4 steel tomahawks (quivered)
 v - 57 arrows
Armour
 c - a +0 robe
 d - a +0 cloak (worn)
 p - a +0 troll leather armour (worn)
 x - a +2 buckler of poison resistance
Jewellery
 t - an uncursed ring of positive energy
Wands
 r - a wand of iceblast (2/15)
Scrolls
 j - a scroll of fog
 m - 2 scrolls of blinking
Potions
 h - 3 potions of curing
 k - 2 potions of magic
Comestibles
 g - 2 bread rations


   Skills:
 - Level 1.5 Fighting
 + Level 14.5 Short Blades
 - Level 15.1 Bows
 - Level 10.8 Throwing
 - Level 6.7 Dodging
 O Level 27 Stealth
 + Level 9.5 Invocations


You had 11 spell levels left.
You didn't know any spells.

Dungeon Overview and Level Annotations

Branches:
Dungeon (1/1)

Altars:
Cheibriados
Dithmenos
Elyvilon
Fedhas
Gozag
Hepliaklqana
Kikubaaqudgha
Makhleb
Nemelex Xobeh
Okawaru
Pakellas
Qazlal
Ru
Sif Muna
Trog
Uskayaw
Vehumet
Xom
Yredelemnul
Zin
The Shining One
Jiyva

Shops:
D :[[}?*[:(}*=%*%:(}:[:


Innate Abilities, Weirdness & Mutations

You are tiny and cannot use many weapons and most armour.
You have supernaturally acute eyesight. (SInv)
You are a herbivore.
You cover ground extremely quickly.
You need consume almost no food.
You are clumsy. (Dex -2)
Armour fits poorly on your strangely shaped body.
You are frail. (-10% HP)
You occasionally shout uncontrollably at your foes.
Your spells are a little harder to cast, but a little more powerful.


Message History

Press: ? - help, Shift-Dir - straight line, f/p - demonic crawler
Aim: a demonic crawler (severely wounded, poisoned, clinging, umbra)
You shoot a poisoned needle.
The poisoned needle hits the demonic crawler!
The demonic crawler is severely wounded.
There is a fountain of clear blue water here.
Wield which item (- for none, * to show all)? (? for menu, Esc to quit)
Your +0 dagger of venom begins to drip with poison!
o - a +0 dagger of venom (weapon)
You hit the demonic crawler but do no damage.
The demonic crawler is severely wounded.
You hit the demonic crawler but do no damage.
The demonic crawler is severely wounded.
Your shadow hits the demonic crawler but does no damage.
The demonic crawler hits you!
* * * LOW HITPOINT WARNING * * *
You emit a cloud of dark smoke.
The demonic crawler hits you!
* * * LOW HITPOINT WARNING * * *
You emit a cloud of dark smoke.
The demonic crawler hits you!
You die...

###################
#<.#..'.(#..§§§#§_#
#..'.)#..'.(#§§§§.'
#.(#####'#####§#§_#
#.[####..#...#§####
#.§#__####..##)#§§§
#§s#_____##'#..§§§§
#§@#_.∩...'..._#≈§§
####_._._##_.#'##§#
*,,#_____###+#.#§..
############.####'#
#∩.s......'...'....
###''''####.).#####
#.......####.###...
#........#.#'#.#...
#..#.....#.....#'''


You could see a demonic crawler.

Vanquished Creatures
  A hydra (D)
  2 centaur warriors (D)
  Sonja (D)
  A deep troll (D)
  7 unseen horrors (D)
  A lindwurm (D)
  An oklob plant (D)
  8 shining eyes (D)
  2 sirens (D)
  A gargoyle (D)
  2 kobold demonologists (D)
  A slime creature (D)
  Sigmund (D)
  2 redbacks (D)
  A yak (D)
  13 hogs (D)
  7 giant eyeballs (D)
  2 wasps (D)
  6 necrophages (D)
  An ogre (D)
  7 jellies (D)
  Ijyb (D)
  A ballistomycete (D)
  A giant spore (D)
71 creatures vanquished.

Vanquished Creatures (collateral kills)
  A necrophage (D)
  A jelly (D)
2 creatures vanquished.

Vanquished Creatures (others)
  A gargoyle (D)
  3 wasps (D)
  A giant spore (D)
5 creatures vanquished.

Grand Total: 78 creatures vanquished

Notes
Turn   | Place    | Note
-------+----------+-------------------------------------------
     0 | D        | Musica the Spriggan Assassin began the quest for the Orb.
     0 | D        | Reached XP level 1. HP: 10/10 MP: 2/2
     3 | D        | Noticed Ijyb
    13 | D        | Killed Ijyb
    13 | D        | Reached skill level 9 in Stealth
    13 | D        | Reached XP level 2. HP: 14/14 MP: 3/3
    30 | D        | Noticed an ogre
    39 | D        | Killed an ogre
    39 | D        | Reached skill level 13 in Stealth
    39 | D        | Reached XP level 3. HP: 18/18 MP: 4/4
    39 | D        | Reached XP level 4. HP: 22/22 MP: 5/5
    62 | D        | Noticed Sigmund
    90 | D        | Killed Sigmund
    90 | D        | Reached skill level 5 in Throwing
    90 | D        | Reached skill level 15 in Stealth
    90 | D        | Reached XP level 5. HP: 10/25 MP: 6/6
   296 | D        | Found a deep blue altar of Sif Muna.
   298 | D        | Found a radiant altar of Vehumet.
   302 | D        | Reached skill level 16 in Stealth
   302 | D        | Reached XP level 6. HP: 30/30 MP: 7/7
   335 | D        | Found Mauqo's Gadget Emporium.
   335 | D        | Found a white marble altar of Elyvilon.
   335 | D        | Found a stormy altar of Qazlal.
   335 | D        | Found a burning altar of Makhleb.
   335 | D        | Found a sacrificial altar of Ru.
   335 | D        | Found a hazy altar of Hepliaklqana.
   335 | D        | Found an oddly glowing altar of Pakellas.
   335 | D        | Found a hide-covered altar of Uskayaw.
   335 | D        | Found a basalt altar of Yredelemnul.
   335 | D        | Found a glowing golden altar of the Shining One.
   335 | D        | Found a sparkling altar of Nemelex Xobeh.
   335 | D        | Found a shimmering altar of Xom.
   335 | D        | Found an opulent altar of Gozag.
   335 | D        | Found an ancient bone altar of Kikubaaqudgha.
   335 | D        | Found a glowing silver altar of Zin.
   335 | D        | Noticed a yak
   336 | D        | Found an iron altar of Okawaru.
   337 | D        | Killed a yak
   337 | D        | Reached skill level 5 in Short Blades
   337 | D        | Reached skill level 17 in Stealth
   338 | D        | Found a bloodstained altar of Trog.
   342 | D        | Bought a box of beasts for 220 gold pieces
   361 | D        | Found a snail-covered altar of Cheibriados.
   361 | D        | Found a viscous altar of Jiyva.
   361 | D        | Found a shadowy altar of Dithmenos.
   361 | D        | Found a blossoming altar of Fedhas.
   361 | D        | Noticed a slime creature
   364 | D        | Killed a slime creature
   364 | D        | Reached skill level 18 in Stealth
   364 | D        | Reached XP level 7. HP: 33/33 MP: 8/8
   367 | D        | Became a worshipper of Dithmenos the Shadowed
   381 | D        | Noticed Sonja
   385 | D        | Killed Sonja
   385 | D        | Reached skill level 21 in Stealth
   385 | D        | Reached XP level 8. HP: 37/37 MP: 9/9
   403 | D        | Noticed a deep troll
   407 | D        | Killed a deep troll
   407 | D        | Reached skill level 22 in Stealth
   421 | D        | Found Hitz's Armour Emporium.
   449 | D        | Bought a wand of iceblast (7/15) for 121 gold pieces
   524 | D        | Found Xasuxes's Book Boutique.
   594 | D        | Noticed a kobold demonologist
   595 | D        | Noticed a kobold demonologist
   597 | D        | Killed a kobold demonologist
   597 | D        | Reached * piety under Dithmenos
   597 | D        | Reached XP level 9. HP: 41/41 MP: 9/11
   604 | D        | Paralysed by a giant eyeball for 2 turns
   613 | D        | Killed a kobold demonologist
   613 | D        | Reached skill level 10 in Throwing
   613 | D        | Reached skill level 23 in Stealth
   616 | D        | Paralysed by a giant eyeball for 4 turns
   632 | D        | Noticed a demonic crawler
   632 | D        | Noticed a demonic crawler
   632 | D        | Noticed a demonic crawler
   632 | D        | Noticed a demonic crawler
   697 | D        | Noticed a centaur warrior
   715 | D        | Noticed a centaur warrior
   717 | D        | Killed a centaur warrior
   717 | D        | Reached ** piety under Dithmenos
   717 | D        | Reached skill level 24 in Stealth
   718 | D        | Killed a centaur warrior
   718 | D        | Reached skill level 5 in Invocations
   754 | D        | Noticed a shining eye
   754 | D        | Noticed a shining eye
   754 | D        | Noticed a shining eye
   755 | D        | Noticed a shining eye
   755 | D        | Noticed a shining eye
   755 | D        | Noticed a shining eye
   756 | D        | Gained mutation: You tend to lose your temper in combat. [a shining eye]
   756 | D        | Killed a gargoyle
   762 | D        | Gained mutation: You are frail. (-10% HP) [a shining eye]
   771 | D        | Lost mutation: You tend to lose your temper in combat. [a shining eye]
   781 | D        | Gained mutation: You are clumsy. (Dex -2) [a shining eye]
   783 | D        | Killed a shining eye
   783 | D        | Reached skill level 5 in Bows
   783 | D        | Reached XP level 10. HP: 41/41 MP: 15/15
   802 | D        | Noticed a shining eye
   802 | D        | Noticed a shining eye
   803 | D        | Killed a shining eye
   803 | D        | Reached *** piety under Dithmenos
   826 | D        | Gained mutation: Armour fits poorly on your strangely shaped body. [a shining eye]
   828 | D        | Paralysed by a giant eyeball for 4 turns
   831 | D        | Gained mutation: You occasionally shout uncontrollably at your foes. [a shining eye]
   840 | D        | Killed a shining eye
   840 | D        | Reached skill level 10 in Bows
   847 | D        | Gained mutation: Your spells are a little harder to cast, but a little more powerful. [a shining eye]
   860 | D        | Killed a shining eye
   871 | D        | Killed a shining eye
   872 | D        | Killed a shining eye
   872 | D        | Reached **** piety under Dithmenos
   879 | D        | Killed a shining eye
   881 | D        | Killed a shining eye
   884 | D        | Found Qeetaf's Magic Scroll Shop.
   884 | D        | Found Latax's Antique Armour Emporium.
   884 | D        | Found Jixtydu's General Store.
   885 | D        | Found Etag's Armour Shoppe.
   900 | D        | Bought a scroll of magic mapping for 42 gold pieces
   900 | D        | Bought a scroll of blinking for 90 gold pieces
   908 | D        | Bought a +2 buckler of poison resistance for 240 gold pieces
   919 | D        | Bought a scroll of enchant armour for 90 gold pieces
   977 | D        | Reached skill level 15 in Bows
   990 | D        | Noticed an oklob plant
   992 | D        | Killed an oklob plant
  1000 | D        | Reached XP level 11. HP: 44/44 MP: 16/16
  1003 | D        | Reached ***** piety under Dithmenos
  1031 | D        | Noticed an unseen horror
  1031 | D        | Noticed an unseen horror
  1036 | D        | Killed an unseen horror
  1038 | D        | Killed an unseen horror
  1044 | D        | Reached skill level 5 in Dodging
  1217 | D        | Reached ****** piety under Dithmenos
  1495 | D        | Found Saptigyu's Book Shoppe.
  1495 | D        | Found Ifeinkam's Armour Shop.
  1495 | D        | Found Dadus's Antique Weapon Boutique.
  1497 | D        | Found Cuer's Gadget Emporium.
  1497 | D        | Found Josm's General Store.
  1497 | D        | Found Iluo's Jewellery Shoppe.
  1497 | D        | Found Murin's Food Boutique.
  1497 | D        | Found Egroq's Assorted Antiques.
  1497 | D        | Found Ycsured's Food Shop.
  1497 | D        | Found Ikloaj's Book Shoppe.
  1500 | D        | Found Usmiudau's Antique Weapon Boutique.
  1501 | D        | Found Ufyemics's Book Emporium.
  1501 | D        | Found Wodazuqu's Gadget Boutique.
  1502 | D        | Bought 27 arrows for 64 gold pieces
  1502 | D        | Bought 12 arrows for 28 gold pieces
  1502 | D        | Found Ybita's Book Emporium.
  1710 | D        | Noticed a lindwurm
  1715 | D        | Killed a lindwurm
  1715 | D        | Reached skill level 10 in Short Blades
  1801 | D        | Reached skill level 25 in Stealth
  2639 | D        | Noticed a 12-headed hydra
  2641 | D        | Killed a 12-headed hydra
  2641 | D        | Reached skill level 26 in Stealth
  2659 | D        | Noticed a deep elf annihilator
  2663 | D        | Noticed a mummy priest
  2711 | D        | Noticed a daeva
  2715 | D        | Noticed an unseen horror
  2715 | D        | Noticed an unseen horror
  2715 | D        | Noticed an unseen horror
  2715 | D        | Noticed an unseen horror
  2718 | D        | Killed an unseen horror
  2719 | D        | Noticed an unseen horror
  2720 | D        | Killed an unseen horror
  2721 | D        | Killed an unseen horror
  2723 | D        | Killed an unseen horror
  2723 | D        | Reached skill level 27 in Stealth
  2723 | D        | Reached XP level 12. HP: 47/47 MP: 20/20
  2729 | D        | Noticed a fire giant
  2732 | D        | Noticed a fire giant
  2939 | D        | Slain by a demonic crawler

Vault maps used:
D:        dungeon_sprint_1

Skill      XL: |  1  2  3  4  5  6  7  8  9 10 11 12 |
---------------+-------------------------------------+-----
Stealth        | 9 13 15 16 18 21 22 24 27 | 27.0
Short Blades   | 3 4 5 6 7 8 13 14 | 14.5
Throwing       | 3 5 6 7 8 9 10 | 10.8
Invocations    | 2 5 6 9 |  9.5
Bows           | 5 15 | 15.1
Dodging        | 4 6 |  6.7
Fighting       | |  1.5

Action                   |  1- 3 |  4- 6 |  7- 9 | 10-12 || total
-------------------------+-------+-------+-------+-------++-------
Melee: Dagger            |       |     3 |    39 |   375 ||   417
 Fire: Blowgun           |     7 |     9 |     4 |    24 ||    44
       Shortbow          |       |       |     7 |    69 ||    76
Throw: Tomahawk          |       |       |       |     1 ||     1
Invok: Shadow Step       |       |       |       |     1 ||     1
Evoke: Wand              |       |       |     1 |     4 ||     5
       Box of beasts     |       |       |       |     1 ||     1
  Use: Potion            |       |       |     1 |     7 ||     8
       Scroll            |       |       |       |     5 ||     5
 Stab: Sleeping          |       |     3 |     5 |    25 ||    33
       Distracted        |       |       |       |     1 ||     1
  Eat: Bread ration      |       |       |       |     1 ||     1
Armor: Robe              |       |       |     2 |       ||     2
       Troll leather arm |       |       |       |     8 ||     8
Dodge: Dodged            |       |     1 |     3 |   239 ||   243
Block: Buckler           |       |       |       |    11 ||    11
